 Dungeon Crawl Stone Soup version 0.24-a0-347-g1a3e1d35ff (webtiles) character file.

Game seed: 442829707838140274

409 mhoghedin the Magician (level 6, -16/32 HPs)
             Began as a Deep Elf Wizard on May 22, 2019.
             Killed by the fiery rage of Trog (39 damage)
             ... on level 2 of the Dungeon.
             The game lasted 00:07:18 (3857 turns).

mhoghedin the Magician (Deep Elf Wizard)            Turns: 3857, Time: 00:07:18

Health: -16/32     AC:  6    Str:  4    XL:     6   Next: 58%
Magic:  11/16      EV: 13    Int: 25    God:
Gold:   127        SH:  5    Dex: 13    Spells: 3/16 levels left

rFire    . . .     SeeInvis .   p - +4 quarterstaff (chaos)
rCold    . . .     Gourm    .   (shield currently unavailable)
rNeg     . . .     Faith    .   a - +0 robe
rPois    .         Spirit   .   b - +0 hat
rElec    .         Reflect  +   h - +2 cloak
rCorr    .         Harm     .   l - +0 pair of gloves {archery}
MR       +....                  (no boots)
Stlth    ++........             q - +5 amulet of reflection
HPRegen  0.10/turn              i - ring of protection from magic {MR+, !d}
MPRegen  0.15/turn              (no ring)

@: no status effects
A: no striking features
a: no special abilities


You were on level 2 of the Dungeon.
You were not hungry.

You visited 1 branch of the dungeon, and saw 3 of its levels.

You collected 127 gold pieces.

Inventory:

Hand Weapons
 g - a +0 short sword
   (You found it on level 1 of the Dungeon)
 p - a +4 quarterstaff of chaos (weapon)
   (You took it off Crazy Yiuf on level 2 of the Dungeon)
Missiles
 c - a poisoned dart (quivered)
Armour
 a - a +0 robe (worn)
 b - a +0 hat (worn)
 h - a +2 cloak (worn)
   (You found it on level 1 of the Dungeon)
 l - a +0 pair of gloves of archery (worn)
   (You found it on level 2 of the Dungeon)
Jewellery
 i - a ring of protection from magic (left hand) {MR+, !d}
   (You found it on level 3 of the Dungeon)
 k - an uncursed amulet of rage {+Rage, !d}
   (You found it on level 2 of the Dungeon)
 q - a +5 amulet of reflection (around neck)
   (You took it off Sigmund on level 2 of the Dungeon)
Wands
 o - a wand of flame (15)
   (You took it off Crazy Yiuf on level 2 of the Dungeon)
Scrolls
 f - a scroll of remove curse {unknown}
 j - a scroll of blinking {unknown}
 m - a scroll of random uselessness {unknown}
 n - a scroll of enchant weapon {unknown}
 r - 2 scrolls of fear
 s - a scroll of teleportation {unknown}
 t - a scroll of immolation {unknown}
Potions
 e - 2 potions of heal wounds
Comestibles
 d - 2 rations


   Skills:
 - Level 2.4 Dodging
 - Level 2.4 Stealth
 - Level 5.7 Spellcasting
 - Level 4.4 Conjurations
 + Level 3.1 Hexes
 - Level 1.1 Summonings
 - Level 1.1 Translocations
 - Level 0.3 Fire Magic
 - Level 2.4 Air Magic
 - Level 2.7 Poison Magic


You had 3 spell levels left.
You knew the following spells:

 Your Spells              Type           Power        Failure   Level  Hunger
a - Magic Dart            Conj           ####         1%          1    None
b - Blink                 Tloc           N/A          8%          2    None
c - Call Imp              Summ           ##......     8%          2    None
d - Conjure Flame         Conj/Fire      ###.....     9%          3    #......
s - Slow                  Hex            ###.....     3%          2    None
x - Mephitic Cloud        Conj/Pois/Air  ###.....     6%          3    #......

Your spell library contained the following spells:

 Spells                   Type           Power        Failure   Level  Hunger


Dungeon Overview and Level Annotations

Branches:
Dungeon (3/15)

Altars:
Trog


Message History

You take 6 damage, and have 26/32 hp.
Throwing (i - inventory)
c - 14 poisoned darts (quivered)
Aim: Robin, wielding a +0 whip, wearing a +0 animal skin and wearing a +2 helmet (moderately wounded, slow)
You throw a poisoned dart. The poisoned dart barely misses Robin.
The poisoned dart hits the shadow imp.
You are covered in liquid flames!
You take 2 damage, and have 24/32 hp.
Throwing (i - inventory)
c - 13 poisoned darts (quivered)
Aim: Robin, wielding a +0 whip, wearing a +0 animal skin and wearing a +2 helmet (moderately wounded, slow)
You throw a poisoned dart. The poisoned dart hits Robin.
You are covered in liquid flames!
Natasha mumbles some strange words.
Natasha's front paws start to glow.
You take 5 damage, and have 19/32 hp.
Throwing (i - inventory)
c - 12 poisoned darts (quivered)
Aim: Robin, wielding a +0 whip, wearing a +0 animal skin and wearing a +2 helmet (moderately wounded, slow)
You throw a poisoned dart. The poisoned dart hits Robin.
Robin is poisoned.
You are covered in liquid flames!
The crimson imp blinks!
You take 2 damage, and have 17/32 hp.
Throwing (i - inventory)
c - 11 poisoned darts (quivered)
Aim: Robin, wielding a +0 whip, wearing a +0 animal skin and wearing a +2 helmet (moderately wounded, slow, poisoned)
You throw a poisoned dart. The poisoned dart hits Robin.
Robin looks even sicker.
Throwing (i - inventory)
c - 10 poisoned darts (quivered)
Aim: Robin, wielding a +0 whip, wearing a +0 animal skin and wearing a +2 helmet (moderately wounded, slow, poisoned)
You throw a poisoned dart. The poisoned dart hits Robin.
Robin looks even sicker.
The shadow imp looks more healthy.
The iron imp closely misses you.
Throwing (i - inventory)
c - 9 poisoned darts (quivered)
Aim: Robin, wielding a +0 whip, wearing a +0 animal skin and wearing a +2 helmet (moderately wounded, slow, poisoned)
You throw a poisoned dart.
The poisoned dart completely misses Robin.
The poisoned dart hits the shadow imp.
You block the iron imp's attack.
Throwing (i - inventory)
c - 8 poisoned darts (quivered)
Aim: Robin, wielding a +0 whip, wearing a +0 animal skin and wearing a +2 helmet (heavily wounded, slow, poisoned)
You throw a poisoned dart. The poisoned dart barely misses Robin.
The poisoned dart closely misses the shadow imp.
The poisoned dart misses Natasha.
Natasha wildly gestures.
Natasha's front paws start to glow.
The iron imp closely misses you.
Throwing (i - inventory)
c - 7 poisoned darts (quivered)
Aim: Robin, wielding a +0 whip, wearing a +0 animal skin and wearing a +2 helmet (severely wounded, slow, poisoned)
You throw a poisoned dart. The poisoned dart hits Robin.
Robin looks as sick as possible!
The shadow imp disappears in a puff of smoke!
The iron imp closely misses you.
The iron imp hits you but does no damage.
You kill Robin!
The iron imp disappears in a puff of smoke!
Natasha barely misses you.
Natasha mumbles some strange words.
Throwing (i - inventory)
c - 6 poisoned darts (quivered)
Aim: a shadow imp (summoned)
You throw a poisoned dart.
The poisoned dart barely misses the shadow imp.
The poisoned dart closely misses Natasha.
The shadow imp barely misses you. The shadow imp hits you.
You take 2 damage, and have 16/32 hp.
Natasha mumbles some strange words.
The shadow imp disappears in a puff of smoke!
Natasha casts a spell at you. You resist with almost no effort.
The white imp shouts, "Slither away, thou mooning swag-bellied fustilarian!"
Aim: Natasha The ball explodes into a vile cloud!
The stinking cloud engulfs Natasha but does no damage.
Natasha is engulfed in noxious fumes.
Natasha appears confused.
You now have 4/16 mp.
Throwing (i - inventory)
c - 5 poisoned darts (quivered)
Aim: Natasha (noxious fumes, lightly wounded, confused)
You throw a poisoned dart. The poisoned dart hits Natasha.
Natasha is poisoned.
Natasha is engulfed in noxious fumes.
Throwing (i - inventory)
c - 4 poisoned darts (quivered)
Aim: Natasha (moderately wounded, poisoned, confused)
You throw a poisoned dart. The poisoned dart hits Natasha.
Natasha looks even sicker.
The white imp disappears in a puff of smoke!
Throwing (i - inventory)
c - 3 poisoned darts (quivered)
Aim: Natasha (noxious fumes, heavily wounded, poisoned, confused)
You throw a poisoned dart.
The poisoned dart barely misses Natasha.
Natasha is engulfed in noxious fumes.
Natasha appears confused.
Natasha is engulfed in noxious fumes.
Natasha appears confused.
Throwing (i - inventory)
c - 2 poisoned darts (quivered)
Aim: Natasha (heavily wounded, poisoned, confused)
You throw a poisoned dart. The poisoned dart hits Natasha.
Natasha is engulfed in noxious fumes.
Natasha appears confused.
Natasha is engulfed in noxious fumes.
Natasha appears confused.
You kill Natasha!
You feel Natasha's spirit has finally been put to rest.
Your Hexes skill increases to level 3!
You start resting.
You feel Trog's fiery rage upon you!
There is a sudden and violent explosion of flames!
The fireball engulfs you!!!
Ouch! That really hurt!
You die...

..# #.#
#.##..#.###........# #.#.
#.# #.# #.##....#
##.....#.# #.## #.###.#
#.#...<.# ##...##.###.##
......#
#.#.....######'###.......
#.#####
#.#.##......##.#######.##
#.#
#.......###.#..........#
#.# ###.##.##
#.#..######..# #.#
#.##.####.#...## #5.# #.#
#.....@##.(....## #..#
#.# ####.#...(!...(.#
#..# #.#
#.####.#..##.###..# ..#
#.####.#.###..5...# ###
#.>....#......ยง..##
##################


There were no monsters in sight!

Vanquished Creatures
  Sigmund (D:2)
  Crazy Yiuf (D:2)
  Natasha (twice) (D:2)
  3 orc wizards (D:3)
  Robin (D:2)
  An adder (D:2)
  2 worms
  A dart slug (D:2)
  3 leopard geckos
  5 orcs (D:3)
  5 bats
  2 giant cockroaches
  7 goblins
  4 hobgoblins
  A ball python (D:2)
  2 frilled lizards (D:1)
  4 kobolds (D:3)
  2 rats
47 creatures vanquished.

Vanquished Creatures (collateral kills)
  Natasha (D:2)
  A bat (D:2)
2 creatures vanquished.

Grand Total: 49 creatures vanquished

Notes
Turn   | Place    | Note
-------+----------+-------------------------------------------
     0 | D:1      | mhoghedin the Deep Elf Wizard began the quest for the Orb.
     0 | D:1      | Reached XP level 1. HP: 10/10 MP: 7/7
   465 | D:1      | Reached skill level 2 in Conjurations
   499 | D:1      | Reached XP level 2. HP: 15/15 MP: 5/9
  1243 | D:1      | Reached skill level 3 in Conjurations
  1276 | D:1      | Learned a level 2 spell: Blink
  1279 | D:1      | Learned a level 2 spell: Call Imp
  1282 | D:1      | Learned a level 2 spell: Slow
  1486 | D:2      | Noticed Natasha
  1496 | D:2      | Killed Natasha
  1496 | D:2      | Reached XP level 3. HP: 19/19 MP: 3/11
  1572 | D:2      | Reached skill level 5 in Spellcasting
  1642 | D:2      | Learned a level 3 spell: Conjure Flame
  1669 | D:2      | Noticed Sigmund
  2086 | D:2      | Found a faded altar of an unknown god.
  2545 | D:2      | Found a runed translucent door.
  2546 | D:2      | Noticed Crazy Yiuf
  2748 | D:3      | Noticed Robin
  2751 | D:3      | Reached XP level 4. HP: 22/24 MP: 1/13
  2852 | D:2      | Learned a level 3 spell: Mephitic Cloud
  2864 | D:2      | Killed Crazy Yiuf
  3110 | D:2      | Killed Sigmund
  3110 | D:2      | Reached skill level 4 in Conjurations
  3110 | D:2      | Reached skill level 2 in Air Magic
  3110 | D:2      | Reached skill level 2 in Poison Magic
  3110 | D:2      | Reached XP level 5. HP: 25/28 MP: 3/15
  3258 | D:2      | Noticed Natasha
  3264 | D:2      | Killed Natasha
  3264 | D:2      | Reached XP level 6. HP: 23/32 MP: 9/16
  3392 | D:2      | Became a worshipper of Trog the Wrathful
  3392 | D:2      | Reached * piety under Trog
  3393 | D:2      | Fell from the grace of Trog
  3432 | D:2      | Found a bloodstained altar of Trog.
  3606 | D:3      | Reached skill level 1 in Hexes
  3751 | D:3      | Reached skill level 2 in Hexes
  3761 | D:2      | Noticed Natasha
  3786 | D:2      | Killed Robin
  3823 | D:2      | Killed Natasha
  3823 | D:2      | Reached skill level 3 in Hexes
  3857 | D:2      | Killed by the fiery rage of Trog

Levels and vault maps discovered:
D:1:      dpeg_arrival_brainrot, layout_loops_corners
D:2:      layout_loops_corners, chequers_ecumenical_altar_twisty, first_ration,
          trog_three_pillars_becter, uniq_sigmund, uniq_natasha,
          uniq_crazy_yiuf_cottage
D:3:      cheibrodos_helix_gallery, layout_rooms, solitary_fountain,
          makhleb_altar_promises_db, uniq_robin

Skill      XL: |  1  2  3  4  5  6 |
---------------+-------------------+-----
Conjurations   | 2 3 4 |  4.4
Spellcasting   | 5 |  5.7
Air Magic      | 2 |  2.4
Poison Magic   | 2 |  2.7
Hexes          | 3 |  3.1
Dodging        | |  2.4
Stealth        | |  2.4
Summonings     | |  1.1
Translocations | |  1.1
Fire Magic     | |  0.3

Action                   |  1- 3 |  4- 6 || total
-------------------------+-------+-------++-------
Melee: Short sword       |       |     2 ||     2
       Quarterstaff      |       |     7 ||     7
Throw: Dart              |     7 |    19 ||    26
 Cast: Magic Dart        |    82 |    37 ||   119
       Call Imp          |     6 |       ||     6
       Slow              |     6 |     1 ||     7
       Conjure Flame     |       |     4 ||     4
       Mephitic Cloud    |       |     4 ||     4
Invok: Renounce Religion |       |     1 ||     1
Evoke: Wand              |       |     1 ||     1
  Use: Scroll            |       |     3 ||     3
  Eat: Chunk             |     2 |       ||     2
       Ration            |     1 |     1 ||     2
Armor: Robe              |     5 |     5 ||    10
Dodge: Dodged            |    15 |    11 ||    26
Block: Other             |       |     4 ||     4

Table legend:
 A = Non-vault XP
 B = Vault XP
 C = Vault XP percentage of total XP
 D = Non-vault monster count
 E = Vault monster count
 F = Vault count percentage of total count
                 A         B        C        D         E       F
            +---------+---------+-------+---------+---------+-------
      Total |     263 |     322 |  55.0 |      41 |       8 |  16.3
            +---------+---------+-------+---------+---------+-------
        D:1 |      27 |       5 |  15.6 |      15 |       1 |   6.2
        D:2 |      92 |     308 |  77.0 |       7 |       4 |  36.4
        D:3 |     144 |       9 |   5.9 |      19 |       3 |  13.6
            +---------+---------+-------+---------+---------+-------

Levels and vault maps discovered:
D:1:      dpeg_arrival_brainrot, layout_loops_corners
D:2:      layout_loops_corners, chequers_ecumenical_altar_twisty, first_ration,
          trog_three_pillars_becter, uniq_sigmund, uniq_natasha,
          uniq_crazy_yiuf_cottage
D:3:      cheibrodos_helix_gallery, layout_rooms, solitary_fountain,
          makhleb_altar_promises_db, uniq_robin

Table legend:
 A = Turns spent in this place as a percentage of turns spent in the entire game.
 B = Non-inter-level travel turns spent in this place as a percentage of non-inter-level travel turns spent in the entire game.
 C = Inter-level travel turns spent in this place as a percentage of turns spent in this place.
 D = Turns resting spent in this place as a percentage of non-inter-level travel turns spent in this place.
 E = Turns spent auto-exploring this place as a percentage of non-inter-level travel turns spent in this place.
 F = Non-inter-level travel turns spent in this place divided by the number of levels of this place that you've seen.
                   A       B       C       D       E      F
               +-------+-------+-------+-------+-------+----------------------
         Total | 100.0 | 100.0 |   5.0 |  38.2 |  47.8 | 1221.3
       Dungeon | 100.0 | 100.0 |   5.0 |  38.2 |  47.8 | 1221.3
               +-------+-------+-------+-------+-------+----------------------

Table legend:
 A = Kills in this place as a percentage of kills in entire the game.
 B = Kills by you in this place as a percentage of kills by you in the entire game.
 C = Kills by friends in this place as a percentage of kills by friends in the entire game.
 D = Other kills in this place as a percentage of other kills in the entire game.
 E = Experience gained in this place as a percentage of experience gained in the entire game.
 F = Experience gained in this place divided by the number of levels of this place that you have seen.
                   A       B       C       D       E      F
               +-------+-------+-------+-------+-------+----------------------
         Total | 100.0 | 100.0 | 100.0 |   N/A | 100.0 | 195.0
       Dungeon | 100.0 | 100.0 | 100.0 |   N/A | 100.0 | 195.0
               +-------+-------+-------+-------+-------+----------------------
